 Dungeon Crawl Stone Soup version 0.22-a0-284-g99d1f7439c (webtiles) character file.

28 WhatIsLove the Magician (level 3, 25/25 HPs)
             Began as a Gnoll Wizard on Mar 21, 2018.
             Got out of the dungeon alive.
             The game lasted 00:01:16 (967 turns).

WhatIsLove the Magician (Gnoll Wizard)               Turns: 967, Time: 00:01:17

Health: 25/25      AC:  5    Str:  9    XL:     3   Next: 12%
Magic:  11/11      EV: 12    Int: 23    God:
Gold:   80         SH:  0    Dex: 13    Spells: 15/16 levels left

rFire    . . .     SeeInvis .   l - +0 dagger
rCold    . . .     Gourm    .   (no shield)
rNeg     . . .     Faith    .   k - +0 ring mail
rPois    .         Spirit   .   b - +0 hat
rElec    .         Reflect  .   (no cloak)
rCorr    .         Harm     .   (no gloves)
MR       .....     Rnd*Tele +   (no boots)
Stlth    ++........             i - amulet of rage
HPRegen  0.08/turn              (no ring)
MPRegen  0.12/turn              (no ring)

@: no status effects
A: distributed training, fangs 1, clever 1, teleportitis 1, strong nose
a: Evoke Berserk Rage


You escaped.
You were not hungry.

You visited 1 branch of the dungeon, and saw 2 of its levels.

You collected 80 gold pieces.

Inventory:

Hand Weapons
 l - a +0 dagger (weapon)
Missiles
 c - 17 arrows
Armour
 a - a +0 robe
 b - a +0 hat (worn)
 k - a +0 ring mail (worn)
Jewellery
 i - an amulet of rage (around neck)
Scrolls
 e - a scroll of fear {unknown}
 g - 2 scrolls of identify
 h - 2 scrolls of immolation {unknown}
 j - a scroll of teleportation {unknown}
 n - a scroll of enchant weapon {unknown}
Comestibles
 d - 2 rations
 m - 2 chunks of flesh


   Skills:
 + Level 0.6 Fighting
 + Level 0.6 Short Blades
 + Level 0.6 Long Blades
 + Level 0.6 Axes
 + Level 0.6 Maces & Flails
 + Level 0.6 Polearms
 + Level 0.6 Staves
 + Level 0.6 Slings
 + Level 0.6 Bows
 + Level 0.6 Crossbows
 + Level 0.6 Throwing
 + Level 0.6 Armour
 + Level 4.5 Dodging
 + Level 4.1 Stealth
 + Level 0.6 Shields
 + Level 0.6 Unarmed Combat
 + Level 7.1 Spellcasting
 + Level 2.1 Conjurations
 + Level 0.4 Hexes
 + Level 0.4 Charms
 + Level 2.1 Summonings
 + Level 0.4 Necromancy
 + Level 2.1 Translocations
 + Level 0.4 Transmutations
 + Level 0.4 Fire Magic
 + Level 0.4 Ice Magic
 + Level 0.4 Air Magic
 + Level 0.4 Earth Magic
 + Level 0.4 Poison Magic
 + Level 0.8 Invocations
 + Level 0.6 Evocations


You had 15 spell levels left.
You knew the following spells:

 Your Spells              Type           Power        Failure   Level  Hunger
a - Magic Dart            Conj           ###.         9%          1    None


Dungeon Overview and Level Annotations

Branches:
Dungeon (2/15)

Altars:


Innate Abilities, Weirdness & Mutations

Your experience applies equally to all skills.
You have very sharp teeth.
Your uncanny sense of smell can sniff out nearby items.
Your mind is acute. (Int +2)
You are occasionally teleported next to monsters.


Message History

You kill the giant cockroach!
Casting: Magic Dart (safe; 9% risk of failure)
Confirm with . or Enter, or press ? or * to list all spells.
You can't see any susceptible monsters within range! (Use Z to cast anyway.)
Casting: Magic Dart (safe; 9% risk of failure)
Confirm with . or Enter, or press ? or * to list all spells.
You can't see any susceptible monsters within range! (Use Z to cast anyway.)
Found a robe.
g - 2 scrolls of identify (gained 1)
You open the door.
There is an open door here.
Magic restored.
There is a stone staircase leading up here.
You climb upwards.
There is a stone staircase leading down here.
There is an open door here.
There is an open door here.
There is a staircase leading out of the dungeon here.
Are you sure you want to leave the Dungeon?
This will make you lose the game!
You have escaped!

#.# #.#
#.#
###'###
#.....#
#.....#
#..8..#
#.....#
#..g..#
#######


There were no monsters in sight!

Vanquished Creatures
  A worm (D:2)
  A ball python (D:1)
  5 bats (D:1)
  A giant cockroach (D:2)
  4 goblins (D:1)
  2 hobgoblins (D:1)
  3 kobolds (D:1)
  5 frilled lizards
  2 rats (D:1)
24 creatures vanquished.

Notes
Turn   | Place    | Note
-------+----------+-------------------------------------------
     0 | D:1      | WhatIsLove the Gnoll Wizard began the quest for the Orb.
     0 | D:1      | Reached XP level 1. HP: 13/13 MP: 8/8
   168 | D:1      | Reached XP level 2. HP: 19/19 MP: 5/10
   784 | D:2      | Reached XP level 3. HP: 25/25 MP: 6/11
   873 | D:2      | Gained mutation: You are occasionally teleported next to monsters. [potion of mutation]
   873 | D:2      | Gained mutation: Your mind is acute. (Int +2) [potion of mutation]
   967 | D:$      | Got out of the dungeon alive.

Vault maps used:
D:1:      minmay_arrival_solitary_statue
D:2:      uniq_terence, uniq_sigmund

Skill      XL: |  1 |
---------------+----+-----
Conjurations   | 2 |  2.1
Summonings     | 2 |  2.1
Translocations | 2 |  2.1
Fighting       | |  0.6
Short Blades   | |  0.6
Long Blades    | |  0.6
Axes           | |  0.6
Maces & Flails | |  0.6
Polearms       | |  0.6
Staves         | |  0.6
Slings         | |  0.6
Bows           | |  0.6
Crossbows      | |  0.6
Throwing       | |  0.6
Armour         | |  0.6
Dodging        | |  4.5
Stealth        | |  4.1
Shields        | |  0.6
Unarmed Combat | |  0.6
Spellcasting   | |  7.1
Hexes          | |  0.4
Charms         | |  0.4
Necromancy     | |  0.4
Transmutations | |  0.4
Fire Magic     | |  0.4
Ice Magic      | |  0.4
Air Magic      | |  0.4
Earth Magic    | |  0.4
Poison Magic   | |  0.4
Invocations    | |  0.8
Evocations     | |  0.6

Action                   || total
-------------------------++-------
Melee: Unarmed           ||     1
 Cast: Magic Dart        ||    38
  Use: Scroll            ||     1
       Potion            ||     1
Dodge: Dodged            ||     2

Table legend:
 A = Spawn XP
 B = Non-spawn XP
 C = Spawn XP percentage of total XP
 D = Spawn monster count
 E = Non-spawn monster count
 F = Spawn count percentage of total count
 G = Total turns spent on level
                    A         B        C        D         E        F      G
               +---------+---------+-------+---------+---------+-------+---------
         Total |       0 |      40 |   0.0 |       0 |      24 |   0.0 |   967
               +---------+---------+-------+---------+---------+-------+---------
           D:1 |       0 |      32 |   0.0 |       0 |      21 |   0.0 |   856
           D:2 |       0 |       8 |   0.0 |       0 |       3 |   0.0 |   111
               +---------+---------+-------+---------+---------+-------+---------
